AoeStats
← avatar

Arabian Desert

510004797Analyzed
1v1 RM · 3d ago on Sep 29, 2026· 77m 28s· 2 players
Game mode
Random Map
Map size
Tiny (2 player)
Population
200
Speed
Normal
Resources
Standard
Victory
Conquest
Starting age
Dark Age
Ending age
Imperial Age
RankedLock teamsTeams togetherTeam positionsShared explorationLock speedFull tech treeHidden civsTurbo modeCheats
Victory
Defeat
🇨🇱 Mapuche · Chile
896
+15
🇺🇸 Celts · United States
878
-15
LoveLikeATruck
9:08 Loom
11:13 Feudal Age
17:33 Wheelbarrow
21:42 Castle Age
19:30 Man-at-Arms
21:18 Scale Mail Armor
22:16 Long Swordsman
30:26 Forging
33:10 Gambesons
43:55 Imperial Age
42:58 Double-Bit Axe
43:10 Gold Mining
44:42 Gold Shaft Mining
44:47 Chain Mail Armor
46:18 Town Watch
46:25 Town Watch
47:02 Hand Cart
48:27 Iron Casting
48:29 Plate Mail Armor
51:01 Horse Collar
52:02 Arson
52:00 Heavy Scorpion
54:51 Town Patrol
58:33 Bow Saw
60:18 Blast Furnace
59:25 Light Cavalry
60:25 Scale Barding Armor
60:56 Hussar
62:42 Chain Barding Armor
62:51 Elite Woad Raider
68:09 Two-Handed Swordsman
70:39 Husbandry
avatar
9:48 Feudal Age
8:06 Loom
11:52 Double-Bit Axe
12:48 Horse Collar
20:37 Castle Age
21:07 Gold Mining
21:27 Fletching
24:29 Bow Saw
26:38 Wheelbarrow
25:48 Town Watch
26:44 Bodkin Arrow
30:54 Champi Runner
33:07 Padded Archer Armor
34:21 Leather Archer Armor
36:15 Town Patrol
40:32 Forging
41:25 Ballistics
42:08 Stone Mining
42:59 Heavy Plow
48:22 Imperial Age
46:17 Hand Cart
46:50 Elite Skirmisher
48:27 Masonry
49:37 Elite Bolas Rider
51:16 Conscription
53:52 Ring Archer Armor
53:27 Pikeman
54:38 Crop Rotation
55:18 Halberdier
56:09 Onager
56:11 Capped Ram
57:45 Champi Warrior
66:54 Chemistry
66:00 Siege Engineers
65:46 Elite Champi Warrior
67:58 Butalmapu
71:01 Scale Mail Armor
71:37 Iron Casting
72:16 Hoardings
Connection lost

Rejoining the realm…

Still unreachable

The connection could not be restored.

Session expired

The server has moved on; the page needs a fresh start.